Map: Data-C

Players

PattyMac

  • Race: Protoss Protoss
  • Spawn Location: 9:00

Scarlett - Winner!

  • Race: Zerg Zerg
  • Spawn Location: 3:00

Event: HomeStory Cup XXII

VOD

Have the link to the VOD?

Description

Time

  • Played on: Dec. 16, 2022, 12:46 p.m.
  • Length: 9:19

All games in this series

Show
View Real Time Build Order
Export as new Build Order

PattyMac Protoss 

Build Orders:  

Get SALT Encoding   

  12  0:00  Probe  
  13  0:13  Pylon  
  13  0:17  Probe (Chrono Boost)  
  14  0:27  Probe (Chrono Boost)  
  15  0:32  Probe (Chrono Boost)  
  16  0:40  Gateway  
  16  0:43  Probe  
  16  0:49  Assimilator  
  17  0:55  Probe  
  18  1:07  Probe  
  19  1:20  Probe  
  20  1:29  Zealot (Chrono Boost)  
  20  1:32  Probe, Cybernetics Core, Pylon  
  23  2:05  Nexus  
  23  2:09  Adept (Chrono Boost)  
  25  2:15  Probe  
  25  2:21  Assimilator  
  25  2:22  Warp Gate (Chrono Boost)  
  26  2:28  Probe  
  27  2:35  Pylon  
  27  2:40  Probe  
  28  2:52  Probe  
  28  2:55  Gateway  
  28  2:58  Stalker  
  29  3:07  Probe  
  30  3:14  Gateway  
  30  3:19  Probe (Chrono Boost)  
  32  3:24  Probe (Chrono Boost)  
  32  3:27  Adept  
  32  3:30  Probe (Chrono Boost)  
  32  3:33  Twilight Council  
  35  3:37  Probe  
  35  3:38  Probe  
  37  3:50  Probe  
  37  3:53  Pylon  
  37  3:55  Probe  
  39  4:02  Probe  
  40  4:03  Adept  
  40  4:08  Adept x2  
  46  4:15  Resonating Glaives (Chrono Boost)  
  46  4:16  Probe  
  46  4:20  Probe  
  47  4:25  Nexus  
  47  4:27  Pylon  
  47  4:29  Probe  
  48  4:32  Probe  
  49  4:41  Probe  
  49  4:44  Probe  
  51  4:49  Adept x3  
  51  4:52  Assimilator  
  55  4:53  Probe  
  55  4:57  Probe, Pylon  
  57  5:07  Forge  
  57  5:08  Gateway  
  57  5:10  Gateway  
  57  5:13  Assimilator  
  57  5:15  Adept  
  57  5:18  Adept  
  61  5:21  Adept  
  61  5:23  Probe  
  61  5:26  Probe  
  65  5:34  Robotics Facility  
  65  5:35  Adept  
  65  5:36  Probe  
  65  5:39  Probe  
  65  5:40  Adept  
  71  5:45  Adept  
  71  5:46  Probe  
  71  5:47  Protoss Ground Weapons Level 1 (Chrono Boost)  
  71  5:49  Probe  
  75  5:55  Adept  
  77  5:57  Probe  
  77  6:00  Probe  
  79  6:06  Probe  
  68  6:12  Probe  
  68  6:16  Adept x2, Blink (Chrono Boost)  
  64  6:19  Probe x2 (Chrono Boost), Pylon  
  65  6:26  Probe (Chrono Boost)  
  65  6:28  Observer  
  65  6:31  Probe (Chrono Boost), Gateway  
  65  6:33  Gateway  
  65  6:35  Probe (Chrono Boost)  
  65  6:36  Probe (Chrono Boost)  
  65  6:37  Probe (Chrono Boost)  
  65  6:39  Shield Battery  
  65  6:40  Probe (Chrono Boost)  
  65  6:42  Shield Battery, Probe  
  67  6:48  Pylon  
  67  6:49  Adept x2  
  67  6:50  Adept  
  72  6:58  Adept x2  
  71  7:03  Warp Prism (Chrono Boost)  
  71  7:04  Probe  
  72  7:10  Adept x2  
  72  7:14  Dark Shrine  
  76  7:16  Probe  
  77  7:24  Stalker x2  
  77  7:26  Stalker  
  83  7:35  Stalker x4  
  90  7:53  Stalker  
  90  7:54  Stalker x2  
  96  8:02  Shield Battery  
  96  8:03  Adept  
  96  8:04  Pylon  
  98  8:11  Stalker x3  
  104  8:17  Stalker  
  104  8:18  Adept  
  105  8:20  Adept  
  105  8:32  Stalker x2  
  109  8:39  Stalker x3  
  107  8:43  Stalker x2  
  93  8:56  Stalker  
  93  8:57  Stalker  
  77  9:05  Adept x3  
Show
View Real Time Build Order
Export as new Build Order

Scarlett Zerg - Winner!

Build Orders: 3 Hatch before Pool 

Get SALT Encoding   

  12  0:00  Drone  
  13  0:12  Overlord  
  13  0:17  Drone  
  14  0:30  Drone x2  
  16  0:47  Drone x2  
  18  0:56  Drone  
  19  1:11  Hatchery  
  18  1:22  Drone, Hatchery  
  18  1:28  Extractor  
  17  1:36  Spawning Pool  
  17  1:39  Drone  
  17  1:42  Drone  
  17  1:46  Drone  
  19  1:47  Evolution Chamber  
  19  1:51  Drone  
  21  2:09  Overlord  
  21  2:22  Queen  
  21  2:23  Zergling x2, Queen  
  21  2:24  Zergling x4  
  28  2:33  Hatchery  
  27  2:39  Metabolic Boost  
  27  2:43  Zergling x2  
  28  2:50  Drone x3  
  30  2:55  Overlord  
  30  3:03  Spore Crawler  
  29  3:07  Drone x3  
  33  3:16  Queen  
  33  3:17  Drone  
  36  3:23  Queen  
  36  3:26  Drone x2  
  40  3:32  Drone  
  41  3:34  Overlord  
  41  3:36  Drone  
  41  3:38  Drone  
  43  3:45  Queen  
  43  3:46  Drone  
  43  3:48  Drone  
  47  3:49  Drone  
  47  3:54  Drone  
  49  3:56  Queen  
  49  3:58  Drone  
  52  4:06  Drone x4  
  52  4:08  Overlord  
  56  4:14  Overlord  
  56  4:15  Zergling x4  
  57  4:18  Zergling x2  
  57  4:23  Overlord  
  58  4:26  Overlord  
  58  4:27  Zergling x4  
  58  4:31  Drone x2  
  62  4:32  Zergling x2  
  63  4:39  Overlord  
  63  4:40  Drone x4  
  64  4:48  Zergling x4  
  65  4:54  Drone x4  
  65  4:58  Evolution Chamber  
  68  5:00  Zergling x4  
  68  5:01  Baneling Nest  
  68  5:04  Queen  
  68  5:06  Drone  
  68  5:07  Drone  
  73  5:08  Drone  
  73  5:09  Drone x2  
  76  5:14  Drone x5  
  76  5:18  Zergling x2  
  76  5:20  Zergling x2  
  83  5:23  Extractor  
  83  5:25  Zergling x6  
  83  5:26  Zerg Melee Weapons Level 1  
  85  5:30  Zergling x4  
  87  5:38  Zergling x2, Extractor  
  87  5:43  Hatchery  
  87  5:44  Baneling x6  
  87  5:48  Spore Crawler  
  87  5:49  Drone, Extractor  
  85  5:50  Spore Crawler, Drone  
  85  5:51  Spore Crawler  
  85  5:52  Drone x3  
  85  5:54  Zergling x8  
  85  5:55  Zergling x2  
  91  6:09  Drone x5  
  91  6:14  Drone x2  
  87  6:20  Zergling x2  
  87  6:21  Zergling x10  
  91  6:26  Drone  
  91  6:27  Drone x5  
  91  6:32  Lair  
  96  6:36  Extractor  
  96  6:39  Drone x3  
  98  6:47  Overlord x2  
  95  6:55  Hatchery  
  95  7:01  Drone x7  
  97  7:07  Zergling x8  
  99  7:09  Zergling x4  
  99  7:11  Baneling  
  99  7:12  Baneling x9  
  99  7:13  Zergling x6  
  99  7:14  Baneling  
  99  7:15  Baneling  
  104  7:21  Zergling x10  
  109  7:25  Zergling x6  
  109  7:29  Zergling x2  
  112  7:33  Drone x3  
  112  7:35  Zergling x4, Evolution Chamber  
  112  7:36  Infestation Pit  
  115  7:42  Zergling x14  
  115  7:48  Zergling x12, Centrifugal Hooks  
  119  7:52  Zergling x2  
  120  8:01  Overlord  
  120  8:02  Overlord x3  
  120  8:03  Hatchery  
  119  8:07  Queen x2  
  119  8:10  Zergling x6  
  119  8:12  Baneling x8  
  126  8:16  Overlord  
  126  8:18  Overlord  
  126  8:19  Zergling x2, Baneling  
  125  8:20  Baneling x5  
  125  8:24  Zergling x24  
  125  8:25  Queen  
  132  8:32  Zergling x10  
  128  8:38  Zergling x16, Baneling  
  128  8:39  Baneling  
  128  8:40  Zergling x2  
  133  8:42  Zergling x2  
  133  8:47  Zergling x10  
  137  8:54  Zergling x6  
  129  8:57  Zergling x4  
  129  9:00  Zergling x2  
Tags
 
Add a new tag
Caveats
  • Supply blocks, unpowered buildings, or Contaminate may cause inaccurate times.
  • Supply counts are checked every 10 seconds.